[Event "Early-Titled-Tuesday-Blitz-February-27-2024"]
[Site "Chess.com"]
[Date "2024.02.27"]
[Round "2"]
[White "Pliukha_Mikhail"]
[Black "biostatistician"]
[Result "0-1"]
[WhiteElo "2746"]
[BlackElo "2554"]
[TimeControl "180+1"]
[EndTime "8:18:08 PST"]
[Termination "biostatistician won by checkmate"]

1. e4 e5 2. Nf3 Nc6 3. d4 exd4 4. Bc4 Nf6 5. O-O Nxe4 6. Re1 d5 7. Nc3 dxc3 8. Bxd5 Be6 9. Bxe4 Qxd1 10. Rxd1 Bb4 11. bxc3 Bxc3 12. Rb1 O-O 13. Rxb7 Rad8 14. Bd3 Ba5 15.
Ng5 Bxa2 16. Bxh7+ Kh8 17. Bd3 Bb6 18. Bf4 Na5 19. Rxc7 Bxc7 20. Bxc7 Rd7 21. Bxa5 Rd5 22. Bd2 Kg8 23. h4 Rb8 24. Ra1 Rb1+ 25. Rxb1 Bxb1 26.
Be3 a5 27. Bc4 Rd1+ 28. Kh2 Bxc2 29. Bxf7+ Kh8 30. Bc4 a4 31. Nf7+ Kh7 32. Ng5+ Kg6 33. g4 Bb3 34. h5+ Kf6 35. Ne4+ Ke5 36. Nc3 Rd8 37.
f4+ Kd6 38. Nxa4 Bxc4 39. Bd4 Rg8 40. Kg3 Kd5 41. Bb2 Bb3 42. Nc3+ Kc4 43. Ne2 Bd1 44. Nd4 Rb8 45. Ba1 Rb1 46. Nf5 Rxa1 47. Nxg7 Kd5 48.
h6 Bc2 49. f5 Rh1 50. g5 Ke5 51. f6 Bg6 52. Kg4 Rg1+ 53. Kh4 Kf4 54. Ne6+ Kf3 55. Nd4+ Ke4 56. Ne2 Rg2 57. Nc3+ Kf3 58. Kh3 Bf5+ 59. Kh4 Rh2# 0-1

[Event "Early-Titled-Tuesday-Blitz-February-27-2024"]
[Site "Chess.com"]
[Date "2024.02.27"]
[Round "2"]
[White "lagunanivaria"]
[Black "Kimkibo"]
[Result "0-1"]
[WhiteElo "2444"]
[BlackElo "2147"]
[TimeControl "180+1"]
[EndTime "8:18:08 PST"]
[Termination "Kimkibo won by checkmate"]

1. c3 d5 2. d4 Nf6 3. Bf4 c5 4. e3 Nc6 5. Nf3 Qb6 6. Qb3 c4 7. Qxb6 axb6 8. Na3 Bf5 9. Nb5 Kd7 10. Be2 Ra5 11.
a4 e6 12. O-O Ne4 13. Rfd1 Bd6 14. Nxd6 Nxd6 15. Ne5+ Nxe5 16. dxe5 Ne8 17. Bxc4 Nc7 18. Be2 Rha8 19. b3 Bc2 20. Rdc1 Bxb3 21. Rcb1 Bxa4 22.
Rxb6 Bc6 23. Rxa5 Rxa5 24. h3 Ra1+ 25. Kh2 Ra2 26. Bd3 Rxf2 27. Bxh7 d4 28. Rxc6 bxc6 29. cxd4 g6 30. Kg3 Rf1 31. h4 Nd5 32. Bg5 Ne7 33. h5 Nf5+ 34. Kh2 gxh5 35. Bxf5 Rxf5 36. Bf4 c5 37. dxc5 Kc6 38. Kg3 Kxc5 39. e4 h4+ 40.
Kg4 Rxf4+ 41. Kxf4 Kd4 42. Kg5 Kxe5 43. Kxh4 Kxe4 44.
Kg5 f5 45. Kf6 e5 46. Kg5 f4 47. Kf6 Kd4 48. Kf5 e4 49. Kxf4 e3 50. Kf3 Kd3 51. g4 e2 52. g5 e1=Q 53. g6 Qg1 54. Kf4 Qxg6 55. Kf3 Qf5+ 56. Kg3 Ke3 57. Kg2 Qg5+ 58. Kh1 Kf2 59. Kh2 Qh5# 0-1

[Event "Early-Titled-Tuesday-Blitz-February-27-2024"]
[Site "Chess.com"]
[Date "2024.02.27"]
[Round "2"]
[White "Genghis_K"]
[Black "GaiozNigalidze"]
[Result "0-1"]
[WhiteElo "2940"]
[BlackElo "2634"]
[TimeControl "180+1"]
[EndTime "8:18:09 PST"]
[Termination "GaiozNigalidze won on time"]

1. e4 c5 2. Nf3 d6 3. Bb5+ Bd7 4.
Bxd7+ Qxd7 5. O-O Nf6 6. Qe2 Nc6 7. c3 e6 8. d4 cxd4 9. cxd4 d5 10.
e5 Ne4 11. Nbd2 Nxd2 12. Bxd2 Bb4 13. Bf4 O-O 14. h4 Rfc8 15. g3 Bf8 16. Kg2 a6 17. Rac1 Na5 18. Qd3 h6 19. h5 Rxc1 20. Rxc1 Rc8 21.
g4 Rxc1 22. Bxc1 Qb5 23. Qxb5 axb5 24. Ne1 Nc6 25. Nc2 Be7 26. f4 f6 27. Kf3 Kf7 28. Bd2 Bf8 29. Ke2 Be7 30. Kd3 f5 31. Ne3 fxg4 32.
Nxg4 Bh4 33. a3 Ne7 34. Ne3 Bf2 35. Nd1 Bg3 36. Nc3 g6 37. hxg6+ Kxg6 38. Nxb5 h5 39. Ke2 Nf5 40. Kf3 h4 41. Bc3 h3 42. Nd6 h2 43.
Kg2 Ne3+ 44. Kh1 Ng4 45. f5+ exf5 46. Be1 Bxe1 47. e6 Bg3 48. e7 Nf2+ 49. Kg2 h1=Q+ 50. Kxg3 Ne4+ 51. Kf4 Nxd6 52. Ke5 Ne8 0-1

[Event "Early-Titled-Tuesday-Blitz-February-27-2024"]
[Site "Chess.com"]
[Date "2024.02.27"]
[Round "2"]
[White "AlexTruskavetsky"]
[Black "orkinyo12345"]
[Result "1-0"]
[WhiteElo "2738"]
[BlackElo "2483"]
[TimeControl "180+1"]
[EndTime "8:18:09 PST"]
[Termination "AlexTruskavetsky won by resignation"]

1. d4 Nf6 2. c4 e6 3. Nc3 Bb4 4.
e3 O-O 5. a3 Bxc3+ 6. bxc3 b6 7. Bd3 Ba6 8. Ne2 Nc6 9. e4 Na5 10. O-O Bxc4 11. f4 d5 12. e5 Ne4 13. f5 exf5 14.
Rxf5 Bxd3 15. Qxd3 Qd7 16. Rf3 Nb3 17. Rb1 Nxc1 18.
Rxc1 f6 19. Nf4 c6 20. Rcf1 Rae8 21. exf6 Rxf6 22. c4 dxc4 23. Qxc4+ Qf7 24. Qc2 Ng5 25. R3f2 Rf8 26. Qd3 Qd7 27. Qc4+ R8f7 28. Nd3 Rxf2 29. Rxf2 Qd5 30. Qxd5 cxd5 31. Rc2 Ne6 32. Ne5 Nxd4 33. Rd2 Re7 34. Nd3 Re2 35. Rd1 Nc2 36. Nf4 Ne3 37.
Rd3 Re1+ 38. Kf2 Nc2 39. Rc3 Rc1 40. Nd3 Rd1 41. Ne5 h5 42. Rxc2 d4 43. Ke2 Ra1 44. Nc4 b5 45. Nd6 Rxa3 46. Rd2 Re3+ 47. Kf2 a6 48.
Rxd4 Re6 49. Ne4 Rb6 50. Nc5 Kh7 51. Nb3 b4 52. Ke3 Kg6 53. Rd5 Kf6 54. Rxh5 Rc6 55. Rc5 Rxc5 56. Nxc5 Ke5 57. Nxa6 b3 58. Nc5 1-0

[Event "Early-Titled-Tuesday-Blitz-February-27-2024"]
[Site "Chess.com"]
[Date "2024.02.27"]
[Round "2"]
[White "GianmarcoVaR"]
[Black "carlocapau"]
[Result "1-0"]
[WhiteElo "2732"]
[BlackElo "2460"]
[TimeControl "180+1"]
[EndTime "8:18:10 PST"]
[Termination "GianmarcoVaR won by resignation"]

1. e4 c5 2. Nf3 Nc6 3. Bb5 Nf6 4. Nc3 g6 5. O-O Bg7 6. d3 O-O 7. h3 Qc7 8. Bg5 a6 9. Bxf6 Bxf6 10. Nd5 Qd6 11.
Bxc6 dxc6 12. Nb6 Rb8 13. e5 Qc7 14. Nxc8 Bg7 15. Nxe7+ Qxe7 16. Re1 Rbd8 17. Re4 Rfe8 18. Qe2 Qe6 19. b3 h6 20. Re1 Rd7 21. a4 Rde7 22.
Qe3 Qd5 23. a5 Kh7 24. Kh1 Re6 25. h4 Bf8 26. Qf4 Qd7 27. Nd2 Bg7 28. Nc4 f5 29.
exf6 Bxf6 30. g3 Bg7 31. Kg1 Rxe4 32. Rxe4 Rf8 33. Qg4 Qf7 34. Rf4 Qe7 35. h5 g5 36.
Rxf8 Qxf8 37. Qe4+ Kh8 38. Ne3 Bd4 39. Nf5 Qf6 40.
Qe8+ Kh7 41. Qd7+ Kh8 42. g4 Qe5 43. Qc8+ Kh7 44. Qxb7+ Kh8 45. Qc8+ Kh7 46. Qxc6 Qe1+ 47. Kh2 Qxf2+ 48. Qg2 Be5+ 49. Kh3 Qf4 50. Qb7+ Kh8 51. Qc8+ Kh7 52. Qd7+ Kh8 53. Qe8+ Kh7 54. Qg6+ Kh8 55. Qxh6+ Kg8 56. Qe6+ Kh8 57. Qe8+ Kh7 58. Qd7+ Kh8 59. Qc8+ Kh7 60. Qb7+ Kh8 61. Qg2 Qb4 62. Qa8+ Kh7 63. Qa7+ Kh8 64. Qa8+ Kh7 65. Qe4 1-0

[Event "Early-Titled-Tuesday-Blitz-February-27-2024"]
[Site "Chess.com"]
[Date "2024.02.27"]
[Round "2"]
[White "Dyadya81"]
[Black "Kunalm64"]
[Result "1-0"]
[WhiteElo "2845"]
[BlackElo "2574"]
[TimeControl "180+1"]
[EndTime "8:18:12 PST"]
[Termination "Dyadya81 won on time"]

1. e4 c6 2. d4 d5 3. e5 Bf5 4.
h4 h5 5. Bd3 Bxd3 6. Qxd3 Qa5+ 7. Nd2 e6 8. c4 Ne7 9. Nf3 Nd7 10. O-O Nf5 11. b3 Be7 12. g3 O-O 13. a4 f6 14.
exf6 Bxf6 15. Bb2 Rfe8 16. Rfe1 a6 17. Re2 Nf8 18. Bc3 Qb6 19. a5 Qc7 20. Rae1 Nxg3 21. fxg3 Qxg3+ 22. Rg2 Qf4 23. Rf1 Qc7 24. c5 Re7 25.
Ne5 Bxe5 26. dxe5 Nd7 27. Qe2 Nxc5 28. Bb4 b6 29. Qxh5 Rf7 30. Rxf7 Qxf7 31. Qxf7+ Kxf7 32. axb6 Nb7 33. Nf3 c5 34. Rc2 Rc8 35. Ba3 Rc6 36.
Nd4 Rxb6 37. Bxc5 Nxc5 38. Rxc5 Rb4 39. Rc7+ Kg6 40. Nxe6 Rxb3 41. Rxg7+ Kh6 42. Rg5 Rh3 43. Rg2 Rxh4 44. Re2 Re4 45. Rxe4 dxe4 46. Kf2 Kg6 47. Nd4 a5 48. Ke3 a4 49. Kxe4 a3 50. Nb3 Kf7 51. Kd5 Ke7 52. e6 a2 53. Ke5 Ke8 54. Kd6 Kd8 55. e7+ Ke8 56. Na1 Kf7 57. Kd7 Kf6 58. e8=Q 1-0

[Event "Early-Titled-Tuesday-Blitz-February-27-2024"]
[Site "Chess.com"]
[Date "2024.02.27"]
[Round "2"]
[White "JonasEilenberg"]
[Black "ActorXu"]
[Result "0-1"]
[WhiteElo "2566"]
[BlackElo "2831"]
[TimeControl "180+1"]
[EndTime "8:18:12 PST"]
[Termination "ActorXu won by resignation"]

1. d4 Nf6 2. c4 e6 3. Nc3 Bb4 4. Bd2 O-O 5. Nf3 b6 6. e3 Bb7 7. Bd3 d6 8. O-O Bxc3 9. Bxc3 Ne4 10. Be1 Nd7 11. Nd2 f5 12. f3 Qg5 13. Nxe4 fxe4 14.
f4 Qg6 15. Bc2 Nf6 16. Bh4 Ng4 17. Qe2 Rae8 18. h3 Nh6 19. g4 Nf5 20. Bf2 h5 21. Kh2 hxg4 22. hxg4 Nh6 23. Rg1 e5 24. dxe5 Bc8 25. f5 Qh7 26. Kg2 Nxf5 27. gxf5 Rxf5 28. Rh1 Qg6+ 29. Bg3 Rf3 30. Qe1 Rxe5 31. Rf1 Qh5 32. Rh1 Qg6 33. Rf1 Rxg3+ 34. Qxg3 Rg5 35. Qxg5 Qxg5+ 36. Kf2 Bg4 37. Bxe4 Qh4+ 38. Kg1 Bh3 39. Bg2 Qg3 40. Rf2 Bxg2 41. Rxg2 Qxe3+ 42. Kh2 Qf4+ 43. Rg3 Qxc4 44. Rag1 Qd4 45. b3 a5 46. Rg4 Qb2+ 47. R1g2 Qe5+ 48. Kh1 b5 49. Rg5 Qa1+ 50. Kh2 c6 51.
Rg6 a4 52. bxa4 bxa4 53. R6g4 a3 54. R2g3 Qxa2+ 55. Rg2 Qa1 56. Ra4 Qe5+ 57. Kh1 Qh5+ 58. Kg1 Qd1+ 59. Kh2 Qxa4 0-1

[Event "Early-Titled-Tuesday-Blitz-February-27-2024"]
[Site "Chess.com"]
[Date "2024.02.27"]
[Round "2"]
[White "DefiantChair"]
[Black "Sina_Movahed"]
[Result "0-1"]
[WhiteElo "2609"]
[BlackElo "2932"]
[TimeControl "180+1"]
[EndTime "8:18:13 PST"]
[Termination "Sina_Movahed won by resignation"]

1. e4 c5 2. Nf3 d6 3. d4 cxd4 4. Nxd4 Nf6 5. Nc3 g6 6. f3 a6 7. Be3 h5 8. Qd2 Nbd7 9. O-O-O b5 10. Nd5 Bb7 11. Nxf6+ Nxf6 12. h4 Bg7 13. Kb1 Rc8 14. Nb3 Qc7 15. Na5 Bxe4 16. fxe4 Nxe4 17. Bxb5+ axb5 18.
Qd3 Nc3+ 19. bxc3 Qxa5 20. Bd4 O-O 21. Bxg7 Kxg7 22. Rhe1 Rfe8 23. Qd4+ e5 24. Qxd6 Qxc3 25. Re2 Rcd8 26. Qxd8 Rxd8 27. Rxd8 Qb4+ 28. Kc1 Qxh4 29. Rd5 Qf4+ 30. Kd1 Qf1+ 31. Kd2 Qf4+ 32. Kd1 b4 33.
Rdxe5 Qd4+ 34. Ke1 Qa1+ 35. Kf2 Qxa2 36. R5e4 Qb2 37.
Kg1 f5 38. Re7+ Kh6 39. Kh2 Qd4 40. R7e3 h4 41. Rb3 Kh5 42. Ree3 g5 43. Kh1 f4 44. Red3 Qc4 45. Rd2 Qf1+ 46. Kh2 g4 47.
Rd5+ Kg6 48. Rxb4 h3 49. Rb6+ Kf7 50. Rd2 hxg2 51. Rb7+ Ke6 52. Rb6+ Ke5 53. Rxg2 g3+ 54. Rxg3 fxg3+ 55. Kxg3 Qg1+ 0-1

[Event "Early-Titled-Tuesday-Blitz-February-27-2024"]
[Site "Chess.com"]
[Date "2024.02.27"]
[Round "2"]
[White "Fandorine"]
[Black "ketster"]
[Result "1-0"]
[WhiteElo "2918"]
[BlackElo "2606"]
[TimeControl "180+1"]
[EndTime "8:18:14 PST"]
[Termination "Fandorine won on time"]

1. e4 c5 2. Nf3 Nf6 3. e5 Nd5 4. c3 d6 5. Bc4 e6 6. exd6 Bxd6 7. d4 O-O 8. dxc5 Bxc5 9. O-O Nc6 10.
Qe2 Qc7 11. Qe4 Nf6 12. Qh4 e5 13. Bg5 Be7 14. Bd3 h6 15. Bxf6 Bxf6 16. Qa4 Be6 17.
Nbd2 Rad8 18. Qc2 Be7 19. Bh7+ Kh8 20. Bf5 Qc8 21. Bxe6 Qxe6 22. Qb3 Qg6 23. Rfe1 Bg5 24. Nxg5 Rxd2 25. Nf3 Rc2 26. h3 Rd8 27. Rac1 Rxc1 28.
Rxc1 b6 29. Re1 Qd6 30. Qa4 f6 31. Qc4 Ne7 32. Qe4 Qd5 33. Qxd5 Rxd5 34. Kf1 Kg8 35. g4 Kf7 36. Rc1 Ng6 37. Ne1 Nf4 38. h4 g6 39. f3 f5 40. c4 Rd2 41. gxf5 gxf5 42.
Rc2 Rd1 43. Kf2 Ke6 44. b4 Kd6 45. c5+ bxc5 46. bxc5+ Kc6 47. Rc4 Ne6 48. Ra4 Nxc5 49. Rxa7 Rd2+ 50. Kf1 e4 51. fxe4 Nxe4 52. Rh7 Rxa2 53.
Rxh6+ Kd5 54. Ng2 Ke5 55. Ne1 Rb2 56. Rg6 1-0

[Event "Early-Titled-Tuesday-Blitz-February-27-2024"]
[Site "Chess.com"]
[Date "2024.02.27"]
[Round "2"]
[White "Fumitoks"]
[Black "kidagent"]
[Result "1/2-1/2"]
[WhiteElo "2614"]
[BlackElo "2317"]
[TimeControl "180+1"]
[EndTime "8:18:14 PST"]
[Termination "Game drawn - insufficient material"]

1. e4 c6 2. d3 d5 3. Nd2 e5 4. g3 Nf6 5. Bg2 Be6 6. Ngf3 Nbd7 7. O-O Bc5 8. c3 O-O 9. h3 Qb6 10. Qe2 Rfe8 11. Kh2 Rad8 12. Nb3 dxe4 13. dxe4 Bxb3 14.
axb3 Qxb3 15. Be3 Bxe3 16. Qxe3 a6 17. Nd2 Qb6 18. Qe2 Nc5 19. b4 Rxd2 20. Qxd2 Nb3 21. Qa2 Nxa1 22. Rxa1 Rd8 23. Re1 Rd3 24. Qc2 Qd8 25.
Re2 Rd1 26. f4 exf4 27. gxf4 Nh5 28. Rf2 Rd7 29. Qe2 g6 30. f5 Qh4 31. Qf3 g5 32. Kg1 Nf4 33. e5 Rd5 34. e6 fxe6 35. fxe6 Re5 36.
Kh2 Rxe6 37. Rd2 Qe1 38. Rd8+ Re8 39. Rxe8+ Qxe8 40. Qg4 Qe5 41. Qc8+ Kg7 42. Qxb7+ Kg6 43. Qxc6+ Kf5 44. Qf3 h5 45. Kg1 g4 46. hxg4+ hxg4 47. Qf2 Qxc3 48. Qc5+ Qxc5+ 49. bxc5 Ke5 50. c6 Kd6 51. Be4 Ne6 52. Kf2 Nd4 53. Kg3 Nxc6 54. Kxg4 Nb4 55. Kf4 Kc5 56. Ke3 Kc4 57. Kd2 Kb3 58.
Bh7 a5 59. Bg8+ Kb2 60. Ke3 a4 61. Kd4 a3 62. Kc5 Nc2 63. Kb5 Na1 64. Ka4 Nb3 65.
Bxb3 a2 66. Bxa2 1/2-1/2

[Event "Early-Titled-Tuesday-Blitz-February-27-2024"]
[Site "Chess.com"]
[Date "2024.02.27"]
[Round "2"]
[White "Lion-Al-Messi"]
[Black "Akylbek2021"]
[Result "0-1"]
[WhiteElo "2505"]
[BlackElo "2291"]
[TimeControl "180+1"]
[EndTime "8:18:14 PST"]
[Termination "Akylbek2021 won by checkmate"]

1. e4 Nc6 2. Nf3 e5 3. Bb5 a6 4.
Ba4 Nf6 5. O-O Be7 6. d3 b5 7. Bb3 O-O 8. Nc3 d6 9. a3 h6 10. Be3 Be6 11. Bxe6 fxe6 12. d4 exd4 13. Nxd4 Nxd4 14.
Qxd4 Ng4 15. h3 Bf6 16. Qd3 Ne5 17. Qe2 Nc4 18. Qg4 Qe7 19. Bxh6 Ne5 20. Qg3 Bh4 21. Qe3 gxh6 22. Qxh6 Bg5 23. Qh5 Qf6 24. Qe2 Nc4 25. Qg4 Kh8 26. f4 Bxf4 27. Rf3 Ne3 28. Qh5+ Qh6 29.
Qxh6+ Bxh6 30. Rg3 Nxc2 31. Rd1 Ne3 32. Re1 Nc2 33. Rd1 Kh7 34. Ne2 Ne3 35. Rc1 c5 36.
e5 Nf5 37. Rd1 Nxg3 38. Nxg3 d5 39. Nh5 Rf5 40. Nf6+ Kg6 41. Ng4 Raf8 42. b3 d4 43. b4 Be3+ 44. Kh2 cxb4 45. axb4 Bf4+ 46. Kg1 Bxe5 47.
Re1 d3 48. Nxe5+ Rxe5 49. Rxe5 Rd8 50. Rxe6+ Kf5 51. Re1 d2 52. Rd1 Ke4 53. Kf2 Kd3 54.
Ra1 Kc2 55. Ra2+ Kb3 56. Rxa6 d1=Q 57. Re6 Kxb4 58. Re2 Qd4+ 59. Re3 Rf8+ 60. Ke2 Qc4+ 61. Kd2 Rd8+ 62. Ke1 Qd4 63. Kf2 Re8 64. Ke2 Qxe3+ 65.
Kf1 Rf8# 0-1

[Event "Early-Titled-Tuesday-Blitz-February-27-2024"]
[Site "Chess.com"]
[Date "2024.02.27"]
[Round "2"]
[White "ilqar_74"]
[Black "ChessRespected"]
[Result "0-1"]
[WhiteElo "2820"]
[BlackElo "2585"]
[TimeControl "180+1"]
[EndTime "8:18:15 PST"]
[Termination "ChessRespected won on time"]

1. e4 e5 2. Nf3 Nc6 3. Bb5 a6 4. Ba4 b5 5. Bb3 Nf6 6. O-O Bc5 7. Nxe5 Nxe5 8. d4 Bxd4 9. Qxd4 d6 10. c3 O-O 11. f4 Nc6 12. Qd3 Bb7 13. Nd2 Re8 14. Bc2 Qe7 15. b3 Rad8 16. Bb2 d5 17. e5 Ne4 18. Nf3 f5 19. b4 d4 20.
Bb3+ Kh8 21. Nxd4 Nxd4 22. cxd4 Qxb4 23. a3 Qd2 24. Bc2 c5 25. Qxd2 Nxd2 26. Rf2 Nc4 27. Bxf5 Nxb2 28. Rxb2 Rxd4 29. g3 g5 30. Rf2 gxf4 31.
gxf4 Rf8 32. Bh3 Rdxf4 33. Rxf4 Rxf4 34. e6 Re4 35. Rd1 Re3 36. Bg4 Be4 37. Rd8+ Kg7 38. Bh5 Bg6 39. Rd7+ Kf6 40. Bg4 Re4 41. h3 h5 42. Bf3 Rxe6 43. Rc7 c4 44. Kf2 h4 45.
Bg4 Rd6 46. Rc5 Rd2+ 47. Ke3 Rd3+ 48. Kf4 Rxa3 49. Rc6+ Kg7 50. Kg5 Bf7 51. Rc7 Re3 52. Kf4 Re8 53. Kg5 Re5+ 54. Kxh4 Kf6 55. Kg3 Re7 56.
Rc6+ Ke5 57. h4 Bd5 58. Rc8 Rg7 59. h5 Rxg4+ 0-1

[Event "Early-Titled-Tuesday-Blitz-February-27-2024"]
[Site "Chess.com"]
[Date "2024.02.27"]
[Round "2"]
[White "Nuvas"]
[Black "emeli_chess"]
[Result "1/2-1/2"]
[WhiteElo "2762"]
[BlackElo "2423"]
[TimeControl "180+1"]
[EndTime "8:18:17 PST"]
[Termination "Game drawn - insufficient material"]

1. d4 Nf6 2. c4 e6 3. Nc3 Bb4 4. Qc2 c5 5. dxc5 O-O 6. Nf3 Na6 7. g3 Nxc5 8. Bg2 Nce4 9. O-O Nxc3 10. bxc3 Be7 11. e4 d6 12. e5 dxe5 13. Nxe5 Qc7 14.
Qe2 Bd6 15. Bf4 Nd7 16. Rfe1 Nxe5 17. Bxe5 Bxe5 18. Qxe5 Qxe5 19. Rxe5 Rb8 20. Rb1 b6 21. c5 Ba6 22. Bf1 Bxf1 23. Kxf1 bxc5 24. Rxb8 Rxb8 25.
Rxc5 f6 26. Rc7 Rb1+ 27. Kg2 Rc1 28. Rxa7 Rxc3 29. a4 Ra3 30. h4 h5 31. a5 e5 32. a6 e4 33. Ra8+ Kf7 34. Kf1 Ra2 35.
a7 Kg6 36. Ke1 Kf5 37. Kf1 Kg4 38. Re8 Rxa7 39. Rxe4+ Kf5 40. Re3 Ra2 41. Kg2 Rb2 42.
Re7 g5 43. hxg5 fxg5 44. Rc7 Ra2 45. Rc5+ Kg6 46. Re5 g4 47. Re4 Kf5 48. Rc4 Rb2 49. Rc5+ Kg6 50. Re5 Ra2 51. Kf1 Rb2 52. Rc5 Ra2 53.
Rc6+ Kg5 54. Rc5+ Kg6 55. Rb5 Rc2 56. Kg2 Ra2 57. Rb8 Rc2 58. Rf8 Ra2 59. Kf1 Kg5 60. Ke1 Rb2 61. Kd1 Ra2 62. Kc1 Re2 63. Kd1 Ra2 64.
Rg8+ Kf5 65. Ke1 Rb2 66. Kf1 Ra2 67. Rb8 Kg5 68. Rb4 Rc2 69. Re4 Ra2 70. Re2 Rxe2 71. Kxe2 h4 72. gxh4+ Kxh4 73. Ke3 Kh3 74. Kf4 Kg2 75.
Kxg4 Kxf2 1/2-1/2

[Event "Early-Titled-Tuesday-Blitz-February-27-2024"]
[Site "Chess.com"]
[Date "2024.02.27"]
[Round "2"]
[White "lucasran"]
[Black "Balla_Tamas"]
[Result "0-1"]
[WhiteElo "2606"]
[BlackElo "2402"]
[TimeControl "180+1"]
[EndTime "8:18:19 PST"]
[Termination "Balla_Tamas won by checkmate"]

1. Nf3 c5 2. c4 Nc6 3. Nc3 g6 4. e3 Nf6 5. d4 cxd4 6. exd4 d5 7. cxd5 Nxd5 8. Qb3 Nxc3 9. Bc4 e6 10. bxc3 Bd7 11.
Bd3 Bg7 12. Ba3 Ne7 13. Qb4 Nd5 14. Qb2 Rc8 15. Rc1 Nf4 16. Bf1 Bc6 17. Rg1 Qd5 18. Nd2 Qf5 19. Qc2 Qh5 20. h3 Bf8 21. Bxf8 Kxf8 22.
Qd1 Qa5 23. g3 Nd5 24. Qb3 Ba4 25. Qa3+ Kg7 26. Nc4 Rxc4 27. Bxc4 Nb6 28. Bb3 Rc8 29. Bxa4 Nxa4 30. Kf1 Qb5+ 31. Kg2 Qd5+ 32. Kh2 Nb6 33. Qb3 Qf3 34. Rc2 Nc4 35. Rgc1 Nd6 36. c4 Qf5 37. Qe3 Ne4 38. f3 Ng5 39. h4 Qh3+ 40. Kg1 Qxg3+ 41. Kf1 Nh3 42. Ke2 Nf4+ 43. Kd2 Qxh4 44. Qe5+ Qf6 45. Qxf6+ Kxf6 46. Rb2 b6 47. Rcb1 h5 48. Ke3 g5 49.
Rc2 Ng6 50. Rbc1 h4 51. c5 bxc5 52. Rxc5 Rd8 53. Ra5 Rd7 54. Rc4 Nf4 55. Rca4 Rb7 56. Rxa7 Rb2 57. Rc4 Re2# 0-1

[Event "Early-Titled-Tuesday-Blitz-February-27-2024"]
[Site "Chess.com"]
[Date "2024.02.27"]
[Round "2"]
[White "JiiHart"]
[Black "LeoLV10"]
[Result "0-1"]
[WhiteElo "2155"]
[BlackElo "2482"]
[TimeControl "180+1"]
[EndTime "8:18:20 PST"]
[Termination "LeoLV10 won on time"]

1. e4 c6 2. d4 d5 3. Nc3 dxe4 4.
Nxe4 Nf6 5. Nxf6+ exf6 6. Bf4 Bd6 7. Qf3 O-O 8. Bd3 Re8+ 9. Ne2 Na6 10. c3 Nc7 11. h4 Nd5 12. Bd2 b5 13. h5 Rb8 14. h6 g6 15. Kf1 Be6 16. b3 Qd7 17. Rh4 f5 18. Rc1 Be7 19. Rh1 Nf6 20. c4 Ba3 21. Rd1 bxc4 22. Bxc4 Bd5 23. Bxd5 Nxd5 24. Nf4 Nf6 25. Nh5 Nxh5 26. Rxh5 Rb5 27. Rh4 Rd5 28. Be3 Bb2 29. Kg1 Ba3 30. Rf4 Bd6 31. Rh4 Be7 32.
Rh3 Bf6 33. Rg3 Re4 34. Bg5 Bxd4 35. Rxd4 Rdxd4 36. Bf6 Rd1+ 37. Kh2 Rd5 38. Bc3 Rh4+ 39. Rh3 Rxh3+ 40. gxh3 Qd6+ 41. Kg2 Qe6 42. Bb4 Qe4 43. Qxe4 fxe4 44. Be7 f5 45. Bg5 a5 46. Be3 Rb5 47. Kg3 a4 48. bxa4 Ra5 49. Kf4 Rxa4 50. Ke5 Kf7 51.
Kd6 Rxa2 52. Kxc6 Rc2+ 53. Kd5 Ra2 54. Ke5 Ra1 55. Kf4 Rg1 56. Bd4 Rd1 57. Be3 Rd3 58.
Kg5 Ke6 59. Kf4 Kf6 60. h4 Ra3 61. Kg3 Ke5 0-1

[Event "Early-Titled-Tuesday-Blitz-February-27-2024"]
[Site "Chess.com"]
[Date "2024.02.27"]
[Round "2"]
[White "Statham_01"]
[Black "Binary010"]
[Result "0-1"]
[WhiteElo "2585"]
[BlackElo "2862"]
[TimeControl "180+1"]
[EndTime "8:18:23 PST"]
[Termination "Binary010 won by resignation"]

1. e4 c5 2. Nf3 d6 3. d4 cxd4 4. Nxd4 Nf6 5. Nc3 a6 6. a3 e5 7.
Nf5 d5 8. Bg5 d4 9. Bxf6 gxf6 10. Nb1 Bxf5 11. exf5 Qd5 12. Be2 e4 13. O-O Nc6 14.
Nc3 Qe5 15. f4 exf3 16. Bxf3 O-O-O 17. Ne4 Kb8 18. b4 Qxf5 19. Nc5 Bxc5 20. Bxc6 d3+ 21.
Kh1 dxc2 22. Qc1 Bf2 23. Bf3 Ba7 24. Bxb7 Rd1 25. Rxd1 cxd1=Q+ 26. Qxd1 Kxb7 27. b5 axb5 28. Rb1 Bb6 29. a4 Rd8 30. Qe1 Qe5 31. Qf1 b4 32. Qf3+ Qd5 33. Qf1 Qd3 34. Qe1 b3 35. a5 Ba7 36.
Qb4+ Ka8 37. Qe1 b2 38. h3 Bd4 39. h4 Qc3 40. Qf1 Qc6 41. a6 Ka7 42. Qe2 Qxa6 43. Qe7+ Qb7 44. Qxd8 Qe4 45. Qa5+ Kb7 46. Qe1 Qxe1+ 47. Rxe1 Kc6 48. g4 Kd5 49. Kg2 Kc4 50. Kf3 Kd3 51. g5 fxg5 52. hxg5 Kc2 53. Re2+ Kb3 54. Re1 Ka2 55. Ke4 Bc3 56. Rf1 b1=Q+ 57.
Rxb1 Kxb1 58. Kd5 Kc2 59. Kd6 Bd2 60. Ke7 Bxg5+ 61. Kxf7 h5 62. Ke6 h4 63. Kf5 h3 64.
Kg4 h2 0-1

[Event "Early-Titled-Tuesday-Blitz-February-27-2024"]
[Site "Chess.com"]
[Date "2024.02.27"]
[Round "2"]
[White "JoliyRoger"]
[Black "Cayse"]
[Result "0-1"]
[WhiteElo "2419"]
[BlackElo "2823"]
[TimeControl "180+1"]
[EndTime "8:18:25 PST"]
[Termination "Cayse won on time"]

1. d4 Nf6 2. c4 g6 3. Nc3 d5 4. Nf3 Bg7 5. Bg5 Ne4 6. cxd5 Nxg5 7. Nxg5 e6 8. Nf3 exd5 9. e3 c6 10. b4 O-O 11. Qb3 Re8 12. Be2 Nd7 13. O-O Nb6 14. b5 cxb5 15. Bxb5 Re7 16. Rfc1 Bg4 17. Nd2 Rc7 18.
a4 Rac8 19. Na2 Nc4 20. Nxc4 dxc4 21. Bxc4 Qg5 22. Bf1 Rxc1 23. Rxc1 Rxc1 24. Nxc1 Bxd4 25. exd4 Qxc1 26. Qxb7 Kg7 27. Qb8 h5 28. Qe5+ Kh7 29.
h3 Bf5 30. Qe3 Qa1 31. Qb3 Kg7 32. d5 Qd4 33. a5 Be4 34. Bc4 h4 35. a6 f5 36. Qa2 Kh6 37. Qb3 f4 38. Qa2 Qc3 39. Qb3 Qe1+ 40. Bf1 Qd2 41. Qc4 Bxd5 42. Qc5 f3 43.
Qf8+ Kg5 44. Qe7+ Kh5 45. Qe5+ Qg5 46. Qh8+ Qh6 47. Qe5+ Qg5 48. Qh8+ Qh6 49. Qd8 Be4 50. Qc7 g5 51. Qe5 Qg6 52. gxf3 Bxf3 53. Qh8+ Qh6 54.
Qf6 Qxf6 0-1

[Event "Early-Titled-Tuesday-Blitz-February-27-2024"]
[Site "Chess.com"]
[Date "2024.02.27"]
[Round "2"]
[White "Felix-Rose"]
[Black "LiadCuba"]
[Result "1-0"]
[WhiteElo "2243"]
[BlackElo "2493"]
[TimeControl "180+1"]
[EndTime "8:18:25 PST"]
[Termination "Felix-Rose won by checkmate"]

1. e4 d5 2. exd5 Nf6 3. d4 Nxd5 4. Nf3 Bf5 5. Nh4 Bg6 6. Nxg6 hxg6 7. c4 Nf6 8. Nc3 e6 9. g3 c5 10. Bg2 Nc6 11.
Qa4 cxd4 12. Bxc6+ bxc6 13. Qxc6+ Nd7 14. Nb5 Rc8 15.
Qb7 Bb4+ 16. Bd2 Bxd2+ 17. Kxd2 O-O 18. b3 e5 19. Qxa7 Nc5 20. h4 Qf6 21. Rhf1 Qf3 22. Rae1 Ne4+ 23. Kc2 d3+ 24. Kb2 Nc5 25. Re3 Qg2 26.
Ree1 e4 27. Nc7 d2 28. Rd1 Nd3+ 29. Ka1 e3 30. fxe3 Rxc7 31. Qxc7 Nf2 32. Qf4 Nxd1 33. Rxd1 Qe2 34. Qf1 Qxe3 35. Qg2 Qc3+ 36. Kb1 Qd3+ 37.
Kb2 Rd8 38. Qf2 Qd6 39. Kc2 Qa3 40. Kb1 Qb4 41. Kc2 Qa5 42. Kb1 Qc3 43. h5 gxh5 44. Qe2 Qd4 45. Kc2 Qa7 46. a4 Qd4 47. Rxd2 Qxd2+ 48. Qxd2 Rxd2+ 49. Kxd2 g5 50. Ke3 Kf8 51. c5 Ke7 52. b4 Kd7 53. b5 Kc7 54. a5 f5 55. a6 h4 56. gxh4 gxh4 57. Kf3 Kc8 58. b6 Kb8 59. c6 h3 60. c7+ Kc8 61. a7 Kb7 62. a8=Q+ Kxa8 63. c8=Q# 1-0

[Event "Early-Titled-Tuesday-Blitz-February-27-2024"]
[Site "Chess.com"]
[Date "2024.02.27"]
[Round "2"]
[White "ARMQUEEN"]
[Black "jraosam"]
[Result "0-1"]
[WhiteElo "2423"]
[BlackElo "1925"]
[TimeControl "180+1"]
[EndTime "8:18:25 PST"]
[Termination "jraosam won on time"]

1. e4 c5 2. Nc3 e6 3. f4 Nc6 4. Nf3 Nf6 5. e5 Ng8 6. Ne4 d5 7. exd6 Bxd6 8. d3 Nf6 9. Nxd6+ Qxd6 10. Be2 O-O 11. O-O b6 12. Nd2 Bb7 13. Nc4 Qc7 14. Bf3 Rad8 15. c3 b5 16. Na3 a6 17. Qe2 Rd7 18.
Be3 Ne7 19. Rad1 Bxf3 20. Qxf3 Rfd8 21. Bf2 Nfd5 22. d4 cxd4 23. Bxd4 Nf5 24. Nc2 Qc4 25. g4 Nxd4 26. Nxd4 Qxa2 27. Rf2 Ne7 28. Re1 Qd5 29. Qg3 Nc6 30. Nf3 Qb3 31. Ng5 Rd1 32. Re2 Qc4 33.
Kf2 R8d3 34. Nf3 Qc5+ 35. Kg2 b4 36. Qh4 f6 37. Qh5 g6 38. Qh4 Rxe1 39. Nxe1 Qd5+ 40.
Kf2 Rd2 41. Qxf6 Rxe2+ 42. Kxe2 Qe4+ 43. Kd2 bxc3+ 44. bxc3 Qd5+ 45. Nd3 a5 46. c4 Qd7 47. f5 Nb4 0-1